 Dungeon Crawl Stone Soup version 0.21.1-1-g345015f (webtiles) character file.

341 rrRat the Cudgeler (level 6, -6/53 HPs)
             Began as a Minotaur Berserker on June 7, 2018.
             Was a Believer of Trog.
             Mangled by an ogre
             ... wielding a +0 giant club
              (16 damage)
             ... on level 4 of the Dungeon.
             The game lasted 00:10:57 (2098 turns).

rrRat the Cudgeler (Minotaur Berserker)             Turns: 2098, Time: 00:10:58

Health: -6/53      AC: 11    Str: 24    XL:     6   Next: 30%
Magic:  5/5        EV:  8    Int:  4    God:    Trog [**....]
Gold:   290        SH:  0    Dex:  9    Spells: 5/5 levels left

rFire    . . .     SeeInvis .   a - +1 mace
rCold    . . .     Gourm    .   (no shield)
rNeg     . . .     Faith    .   l - +0 plate armour
rPois    .         Spirit   .   (helmet restricted)
rElec    .         Reflect  .   (no cloak)
rCorr    .         Harm     .   (no gloves)
MR       .....                  (no boots)
Stlth    ..........             (no amulet)
HPRegen  0.17/turn              (no ring)
MPRegen  0.09/turn              (no ring)

@: no status effects
A: retaliatory headbutt, horns 2
a: Berserk, Trog's Hand, Burn Spellbooks, Renounce Religion


You were on level 4 of the Dungeon.
You worshipped Trog.
Trog was pleased with you.
You were hungry.

You visited 1 branch of the dungeon, and saw 4 of its levels.

You collected 290 gold pieces.

Inventory:

Hand Weapons
 a - a +1 mace (weapon)
Armour
 l - a +0 plate armour (worn)
Wands
 i - a wand of acid (9)
Scrolls
 g - a scroll of immolation {unknown}
 j - a scroll of enchant armour {unknown}
 k - a scroll of random uselessness {unknown}
 m - a scroll of identify
Potions
 d - a potion of curing
 e - a potion of heal wounds {unknown}
 f - a potion of invisibility {unknown}
 h - a potion of resistance
 n - a potion of haste {unknown}
Comestibles
 c - 6 rations


   Skills:
 + Level 4.7 Fighting
 + Level 6.3 Maces & Flails
 + Level 4.3 Armour
 + Level 3.5 Dodging
 + Level 0.2 Stealth


You had 5 spell levels left.
You didn't know any spells.

Dungeon Overview and Level Annotations

Branches:
Dungeon (4/15)
 Temple: D:4-7

Altars:
Gozag

Shops:
D:4 =


Innate Abilities, Weirdness & Mutations

You reflexively headbutt those who attack you in melee.
You have a pair of horns on your head.


Message History

An ogre is nearby!
The ogre hits you with a giant club!!
You sock the ogre! Your headbutt misses the ogre.
The ogre is heavily wounded.
The ogre hits you with a giant club!
You are too injured to fight recklessly!
You are too injured to fight recklessly!
You are too injured to fight recklessly!
You are confused.
You feel invigorated. The ogre hits you with a giant club!
You're too confused to move!
You're too confused to move!
The ogre hits you with a giant club!!
* * * LOW HITPOINT WARNING * * *
You feel less invigorated.
You feel less confused. The ogre completely misses you.
You sock the ogre! You headbutt the ogre.
The ogre is almost dead.
The ogre hits you with a giant club!
You die...

#... #.# #....
#.# #.... .#
#.# #.... .#
#.#
##...###+#.#
#.##
..........#
#...
######.....<.#
####
.......)O....#
#####
####..@.....#
#....
##........#
#....
#.......#.#
#....
#......†# #
#....
#.......#
#....
#.......#
#....
#.......#
##...
##+####.# #...
#.#....# #...


You could see an ogre.

Vanquished Creatures
  A hungry ghost (D:3)
  A hound (D:4)
  A jelly (D:4)
  A hound zombie (D:3)
  7 adders
  An ooze (D:3)
  A worm (D:2)
  A dart slug (D:3)
  2 leopard geckos
  5 orcs
  4 bats
  4 giant cockroaches
  5 goblins
  7 hobgoblins
  5 jackals (D:3)
  5 kobolds
  4 frilled lizards (D:2)
  4 rats
59 creatures vanquished.

Notes
Turn   | Place    | Note
-------+----------+-------------------------------------------
     0 | D:1      | rrRat the Minotaur Berserker began the quest for the Orb.
     0 | D:1      | Reached XP level 1. HP: 19/19 MP: 0/0
   539 | D:2      | Reached skill level 4 in Maces & Flails
   541 | D:2      | Reached XP level 2. HP: 27/27 MP: 1/1
   740 | D:2      | Reached XP level 3. HP: 29/33 MP: 2/2
   786 | D:2      | Reached ** piety under Trog
   793 | D:2      | Reached XP level 4. HP: 21/40 MP: 3/3
   821 | D:2      | Reached skill level 5 in Maces & Flails
  1030 | D:3      | Noticed a hungry ghost
  1042 | D:3      | Killed a hungry ghost
  1042 | D:3      | Reached skill level 6 in Maces & Flails
  1042 | D:3      | Reached XP level 5. HP: 10/47 MP: 4/4
  1334 | D:3      | Reached XP level 6. HP: 53/53 MP: 5/5
  1728 | D:4      | Found Tofiff's Jewellery Emporium.
  2015 | D:4      | Found an opulent altar of Gozag.
  2098 | D:4      | Mangled by an ogre

Skill      XL: |  1  2  3  4 |
---------------+-------------+-----
Maces & Flails | 4 6 |  6.3
Fighting       | 4 |  4.7
Armour         | 3 4 |  4.3
Dodging        | 3 |  3.5
Stealth        | |  0.2

Action                   |  1- 3 |  4- 6 || total
-------------------------+-------+-------++-------
Melee: Mace              |    59 |    89 ||   148
       Headbutt          |    11 |    11 ||    22
  Use: Scroll            |       |     8 ||     8
       Potion            |       |     1 ||     1
  Eat: Ration            |       |     1 ||     1
       Chunk             |       |     2 ||     2
Armor: Scale mail        |    33 |    25 ||    58
       Animal skin       |     1 |       ||     1
       Plate armour      |       |    12 ||    12
Dodge: Dodged            |    41 |    38 ||    79
